 Dungeon Crawl Stone Soup version 0.32-a0-473-gd044c6f0f0 (webtiles) character file.

Game seed: 6382403624410795528

102 Dordric the Firebug (level 4, -1/33 HPs)
             Began as a Mountain Dwarf Fire Elementalist on Feb 25, 2024.
             Slain by Pargi (4 damage)
             ... on level 3 of the Dungeon.
             The game lasted 00:04:30 (2681 turns).

Dordric the Firebug (MDFE)                          Turns: 2681, Time: 00:04:31

Health: -1/33      AC:  8    Str: 11    XL:     4   Next: 49%
Magic:  1/6        EV:  5    Int: 17    God:
Gold:   177        SH:  0    Dex: 10    Spells: 5/6 levels left

rFire   . . .        p - +0 whip
rCold   . . .        (no shield)
rNeg    . . .        f - +0 chain mail
rPois   .            (no helmet)
rElec   .            (no cloak)
rCorr   .            (no gloves)
SInv    .            (no boots)
Will    .....        m - amulet of faith Stlth
                     (no ring)
HPRegen 0.25/turn    (no ring)
MPRegen 0.10/turn

%: faith
@: no status effects
A: runic magic, artefact enchanting
a: no special abilities


You were on level 3 of the Dungeon.
You visited 1 branch of the dungeon, and saw 3 of its levels.

You collected 177 gold pieces.

Inventory:

Hand Weapons
 i - a +0 dagger
 p - a +0 whip (weapon)
Armour
 a - a +0 robe
 f - a +0 chain mail (worn)
Jewellery
 m - an amulet of faith (around neck)
Scrolls
 c - 3 scrolls of blinking
 h - a scroll of silence
 j - a scroll of revelation
 k - a scroll of noise
 n - a scroll of enchant weapon {unknown}
Potions
 b - 2 potions of magic
 e - 2 potions of might {unknown}
 g - a potion of ambrosia {unknown}
 l - 3 potions of curing {unknown}
 o - a potion of attraction {unknown}


   Skills:
 + Level 1.3 Maces & Flails
 - Level 1.3 Dodging
 - Level 1.4 Stealth
 - Level 1.7 Spellcasting
 - Level 0.8 Conjurations
 + Level 6.2 Fire Magic


You had 5 spell levels left.
You knew the following spells:

 Your Spells              Type           Power      Damage    Failure   Level
a - Foxfire               Conj/Fire      52%        2x1d6     12%         1

Your spell library contained the following spells:

 Spells                   Type           Power      Damage    Failure   Level
 Scorch                   Fire           44%        2d6       5%          2
 Inner Flame              Hex/Fire       12%        N/A       38%         3
 Volatile Blastmotes      Fire/Tloc      24%        2d12      38%         3
 Summon Small Mammal      Summ           4%         N/A       43%         1
 Flame Wave               Conj/Fire      13%        2d6       75%         4
 Summon Blazeheart Golem  Fire/Summ      12%        N/A       80%         4
 Call Canine Familiar     Summ           1%         N/A       82%         3


Dungeon Overview and Level Annotations

Branches:
Dungeon (3/15)

Altars:

Annotations:
D:3 Pargi


Innate Abilities, Weirdness & Mutations

Your spellcasting is much less encumbered by armour.
You can use scrolls of enchantment on lesser artefacts.


Message History

You conjure some foxfire!
Pargi bites you but does no damage. Pargi closely misses you.
Pargi claws you but does no damage.
Your foxfire dissipates!
The foxfire hits Pargi.
Pargi is moderately wounded.
Pargi attacks as he pursues you! Pargi bites you but does no damage.
Pargi barely misses you. Pargi claws you but does no damage.
Your magical contamination has completely faded away.
You conjure some foxfire!
Your foxfire dissipates!
The foxfire hits Pargi.
Pargi is moderately wounded.
You conjure some foxfire!
Pargi bites you. Pargi claws you. Pargi claws you but does no damage.
The foxfire hits Pargi.
Pargi is moderately wounded.
The foxfire hits Pargi.
Pargi is heavily wounded.
You hit Pargi.
Pargi is severely wounded.
Pargi bites you. Pargi claws you but does no damage. Pargi claws you.
You closely miss Pargi.
Pargi is severely wounded.
Pargi barely misses you. Pargi claws you. x2
* * * LOW HITPOINT WARNING * * *
You hit Pargi.
Pargi is severely wounded.
Pargi snarls, "Go!
Away!"
Pargi barely misses you. Pargi claws you but does no damage.
Pargi completely misses you.
You hit Pargi.
Pargi is severely wounded.
Pargi bites you.
* * * LOW HITPOINT WARNING * * *
Pargi claws you but does no damage. Pargi claws you.
* * * LOW HITPOINT WARNING * * *
You hit Pargi.
Pargi is severely wounded.
Pargi bites you.
You die...

#<....######
#<###......####
#.########....##
#..##########..#
###........#
##.#######
...........#
#.......#
###........#
##...###..
#........###>....##
#............T@.รท.#
###..######.......###
##.######.........#
#.......#.....##.###.
#######.#.....##.....
#........#.....
########
#..........##.#
#......#
#........###..#
#......#
#.........##.#


You could see Pargi.

Vanquished Creatures
  4 adders
  2 dart slugs (D:2)
  A ribbon worm (D:2)
  5 endoplasms
  A giant cockroach (D:2)
  5 goblins
  4 hobgoblins
  7 jackals (D:2)
  4 quokkas
  5 bats
  5 frilled lizards
  8 kobolds
  6 rats
57 creatures vanquished.

Vanquished Creatures (others)
  116 foxfires
116 creatures vanquished.

Grand Total: 173 creatures vanquished

Notes
Turn   | Place    | Note
-------+----------+-------------------------------------------
     0 | D:1      | Dordric the Mountain Dwarf Fire Elementalist began the
                  | quest for the Orb.
     0 | D:1      | Reached XP level 1. HP: 14/14 MP: 3/3
   137 | D:1      | Reached skill level 4 in Fire Magic
   247 | D:1      | Reached XP level 2. HP: 15/20 MP: 2/4
  1009 | D:2      | Reached skill level 5 in Fire Magic
  1051 | D:2      | Reached XP level 3. HP: 14/26 MP: 2/5
  1621 | D:2      | Reached XP level 4. HP: 31/33 MP: 1/6
  1677 | D:2      | Reached skill level 6 in Fire Magic
  1795 | D:2      | Identified the +0 robe "Maelyum" {Harm Dex+3}
  2276 | D:3      | Reached skill level 1 in Maces & Flails
  2556 | D:3      | Noticed Pargi
  2681 | D:3      | Slain by Pargi

Illustrated notes

Levels and vault maps discovered:
D:1:      lightli_arrival_farm, layout_basic
D:2:      layout_basic
D:3:      layout_rooms, uniq_grinder, uniq_natasha, uniq_pargi, uniq_robin

Skill      XL: |  1  2  3  4 |
---------------+-------------+-----
Fire Magic     | 4 5 6 |  6.2
Maces & Flails | 1 |  1.3
Dodging        | |  1.3
Stealth        | |  1.4
Spellcasting   | |  1.7
Conjurations   | |  0.8

Action                     |  1- 3 |  4- 6 || total
---------------------------+-------+-------++-------
  Melee: Dagger            |    49 |       ||    49
         Unarmed           |     9 |       ||     9
         Whip              |       |    98 ||    98
   Cast: Foxfire           |    59 |    11 ||    70
    Use: Scroll            |       |     4 ||     4
 Armour: Robe              |    46 |       ||    46
         Chain mail        |       |   156 ||   156
  Dodge: Dodged            |    47 |    51 ||    98

Table legend: (Time is in decaauts)
 A = Elapsed time spent in this place.
 B = Non-inter-level travel time spent in this place.
 C = Inter-level travel time spent in this place.
 D = Time resting spent in this place.
 E = Time spent auto-exploring this place.
 F = Levels seen in this place.
 G = Mean time per level.
                   A        B        C        D        E       F      G
               +--------+--------+--------+--------+--------+-----+--------+
         Total |   2709 |   2538 |    171 |     12 |   1864 |   3 |  903.0 |
       Dungeon |   2709 |   2538 |    171 |     12 |   1864 |   3 |  903.0 |
               +--------+--------+--------+--------+--------+-----+--------+

Top non-repeatable levels by time:
     D:2: 1251 daAuts
     D:1: 1025 daAuts
     D:3: 432 daAuts
